 Dungeon Crawl Stone Soup version 0.19-a0-1676-g39ae8cc (webtiles) character file.

16571 Amnesiac the Earth Mage (level 12, 0/59 HPs)
             Began as a Gargoyle Earth Elementalist on Sept 23, 2016.
             Was a High Priest of Sif Muna.
             Slain by a wolf spider (1 damage)
             ... on level 1 of the Spider Nest.
             The game lasted 00:25:01 (8760 turns).

Amnesiac the Earth Mage (GrEE)                      Turns: 8760, Time: 00:25:01

Health: 0/59       AC: 11    Str: 16    XL:     12   Next: 38%
Magic:  7/27       EV: 12    Int: 19    God:    Sif Muna [*****.]
Gold:   422        SH:  0    Dex: 10    Spells: 6 memorised, 17 levels left

rFire  . . .     SeeInvis .     x - staff of earth
rCold  . . .     Gourm    .     c - +1 robe
rNeg   + . .     Faith    .     (no shield)
rPois  ∞         Spirit   .     (no helmet)
rElec  +         Dismiss  .     (no cloak)
rCorr  .         Reflect  .     (no gloves)
MR     +....     Harm     .     (no boots)
Stlth  +++.......               (no amulet)
                                G - ring of protection from magic
                                f - ring of flight

@: slowed, divine energy, very slow
A: negative energy resistance 1, electricity resistance, strong 1, unbreathing,
petrification resistance, rot immunity, AC +8
a: Stop Divine Energy, Channel Magic, Forget Spell, Renounce Religion, Evoke
Flight


You were on level 1 of the Spider Nest.
You worshipped Sif Muna.
Sif Muna was extremely pleased with you.
You were very hungry.

You visited 4 branches of the dungeon, and saw 15 of its levels.
You also visited: Sewer.

You collected 503 gold pieces.
You spent 81 gold pieces at shops.

Inventory:

Hand Weapons
 g - a +0 dagger
 m - a +0 blowgun
 u - the +3 long sword "Icsy" {slice, rF++ MR+ MP+9 Str-2}
   (You found it on level 5 of the Dungeon)

   It inflicts extra damage upon your enemies.
   It affects your strength (-2).
   It greatly protects you from fire.
   It affects your resistance to hostile enchantments.
   It affects your magic capacity (+9).
Missiles
 b - 176 stones (quivered)
 n - 52 poisoned needles
Armour
 c - a +1 robe (worn)
 E - a troll hide
Magical Staves
 x - an uncursed staff of earth (weapon)
Jewellery
 f - a ring of flight (left hand)
 G - a ring of protection from magic (right hand)
Scrolls
 a - a scroll of amnesia
 i - a scroll of blinking
 j - a scroll of enchant weapon
 l - 3 scrolls of identify
 s - 4 scrolls of teleportation
 t - 2 scrolls of magic mapping
 v - a scroll of recharging
 w - 2 scrolls of remove curse
 y - a scroll of summoning {unknown}
 H - a scroll of enchant armour
Potions
 h - a potion of curing
 k - a potion of might
 o - 2 potions of agility
 p - 2 potions of flight
Books
 e - a book of Geomancy

   Spells                             Type                      Level
   a - Sandblast                      Earth                        1
   b - Passwall                       Transmutation/Earth          2
   c - Stone Arrow                    Conjuration/Earth            3
   d - Petrify                        Transmutation/Earth          4
   e - Lee's Rapid Deconstruction     Earth                        5
 q - a book of Enchantments

   Spells                             Type                      Level
   a - Cause Fear                     Hexes                        4
   b - Yara's Violent Unravelling     Hexes/Transmutation          5
   c - Silence                        Hexes/Air                    5
   d - Deflect Missiles               Charms/Air                   6
   e - Haste                          Charms                       6
   f - Discord                        Hexes                        8
 F - a book of Beasts

   Spells                             Type                      Level
   a - Summon Butterflies             Summoning                    1
   b - Call Canine Familiar           Summoning                    3
   c - Summon Ice Beast               Ice/Summoning                4
   d - Summon Mana Viper              Hexes/Summoning              5
   e - Summon Hydra                   Summoning                    7
 I - a book of the Warp

   Spells                             Type                      Level
   a - Gell's Gravitas                Hexes/Translocation          3
   b - Force Lance                    Conjuration/Translocation    4
   c - Summon Forest                  Summoning/Translocation      5
   d - Dispersal                      Translocation                6
   e - Controlled Blink               Translocation                8
   f - Disjunction                    Translocation                8
 J - Sif Muna's Compendium of Igneous Flight
   (Sif Muna gifted it to you on level 1 of the Spider Nest)

   Spells                             Type                      Level
   a - Shock                          Conjuration/Air              1
   b - Static Discharge               Conjuration/Air              3
   c - Inner Flame                    Hexes/Fire                   3
   d - Summon Lightning Spire         Summoning/Air                4
Comestibles
 d - 4 bread rations
 z - 5 meat rations
 A - 9 royal jellies
 B - 11 fruits
 C - a slice of pizza


   Skills:
 - Level 5.0 Short Blades
 - Level 1.5 Dodging
 - Level 5.3 Stealth
 - Level 11.0 Spellcasting
 - Level 0.7 Transmutations
 + Level 16.5 Earth Magic


You had 17 spell levels left.
You knew the following spells:

 Your Spells              Type           Power        Failure   Level  Hunger
a - Sandblast             Erth           ######       0%          1    None
b - Summon Butterflies    Summ           ##......     10%         1    None
e - Petrify               Tmut/Erth      ######..     1%          4    ##.....
f - Lee's Rapid Deconstr  Erth           #######...   1%          5    ####...
v - Passwall              Tmut/Erth      ######....   1%          2    None
z - Stone Arrow           Conj/Erth      ######       1%          3    None


Dungeon Overview and Level Annotations

Branches:
Dungeon (11/15)            Temple (1/1) D:4            Lair (2/6) D:11
 Spider (1/4) Lair:2
  Swamp: Lair:2-4    Shoals: Lair:2-4       Orc: D:9-12

Altars:
Ashenzari
Cheibriados
Dithmenos
Elyvilon
Fedhas
Gozag
Hepliaklqana
Kikubaaqudgha
Makhleb
Nemelex Xobeh
Okawaru
Qazlal
Ru
Sif Muna
Trog
Uskayaw
Vehumet
Xom
Zin
The Shining One

Shops:
D:9 *   D:11 :

Annotations:
D:4 DEFE's ghost, amateur DEFi


Innate Abilities, Weirdness & Mutations

You are resistant to torment.
Your stone body is resilient. (AC +8)
You are immune to poison.
You resist negative energy. (rN+)
You are resistant to electric shocks. (rElec)
You can survive without breathing.
You are immune to petrification.
You are immune to rotting.
Your muscles are strong. (Str +2)


Message History

A redback comes into view.
Casting: Petrify
Confirm with . or Enter, or press ? or * to list all spells.
Aiming: Lee's Rapid Deconstruction
Press: ? - help, Dir - move target cursor, f/p - wolf spider Fragment what (e.g. wall or brittle monster)?: a wolf spider (lightly wounded, petrified)
You feel a surge of power!
The wolf spider shatters!
The wolf spider is heavily wounded.
The blast of petrified fragments hits the demonic crawler.
The demonic crawler is heavily wounded.
The wolf spider is no longer petrified.
The wolf spider barely misses you.
The wolf spider bites you but does no damage.
The demonic crawler hits you but does no damage.
The demonic crawler hits you.
* * * LOW HITPOINT WARNING * * *
The demonic crawler hits you but does no damage.
The wolf spider hits you!
* * * LOW HITPOINT WARNING * * *
The wolf spider bites you.
You die...

#..#.####
#..#....###
#..........
#^.....w...
##.<.......
##..%..s...
#.†........
#.ss.%.###.
##@....#
#######


You could see a torpor snail, a demonic crawler, a wolf spider and a redback.

Vanquished Creatures
  2 hydras (Lair:2)
  Harold (Lair:1)
  A hill giant (D:11)
  An orb spider (Spider:1)
  An ugly thing (D:11)
  A wolf spider (Spider:1)
  2 black mambas (Lair:1)
  4 spiny frogs
  2 komodo dragons (Lair:1)
  A troll (D:10)
  Grinder (D:4)
  A jumping spider (Spider:1)
  3 blink frogs (Lair:1)
  A hippogriff (D:9)
  A redback (Lair:2)
  A tarantella (Spider:1)
  A wyvern (D:10)
  18 yaks
  A hungry ghost (D:8)
  9 water moccasins
  A soldier ant (D:8)
  2 porcupines (Lair:1)
  3 orc warriors
  2 ice beasts (D:5)
  A black bear (D:9)
  2 sky beasts
  8 ogres
  A phantom (D:9)
  A wasp (D:8)
  4 wolves (Lair:1)
  7 centaurs
  6 bullfrogs
  A scorpion (D:8)
  A wyvern skeleton (D:8)
  4 wights (D:7)
  3 crimson imps
  2 quasits (D:10)
  2 bullfrog zombies (D:11)
  7 orc priests
  A centaur skeleton (D:11)
  4 hounds
  A gnoll shaman (D:10)
  A bullfrog skeleton (D:6)
  A jelly (D:11)
  11 orc wizards
  4 iguanas
  Jessica (D:3)
  7 worker ants
  A hound zombie (D:7)
  4 hound skeletons
  7 gnolls
  7 adders
  5 river rats (Lair:2)
  4 oozes (Sewer)
  6 worms
  3 leopard geckos
  30 orcs
  8 bats
  5 giant cockroaches
  3 goblins
  2 hobgoblins (D:3)
  10 jackals
  4 kobolds
  A quokka (D:11)
  3 frilled lizards
  A giant cockroach zombie (D:5)
  A jackal zombie (D:9)
  3 rats (D:1)
250 creatures vanquished.

Vanquished Creatures (others)
  A soldier ant (D:8)
  7 fungi
  3 plants (Lair:1)
11 creatures vanquished.

Grand Total: 261 creatures vanquished

Notes
Turn   | Place    | Note
-------+----------+-------------------------------------------
     0 | D:1      | Amnesiac the Gargoyle Earth Elementalist began the quest for the Orb.
     0 | D:1      | Reached XP level 1. HP: 10/10 MP: 3/3
   104 | D:1      | Reached skill level 4 in Earth Magic
   104 | D:1      | Reached XP level 2. HP: 15/15 MP: 0/5
   415 | D:3      | Reached XP level 3. HP: 19/19 MP: 3/6
   420 | D:3      | Learned a level 3 spell: Stone Arrow
   476 | D:3      | Noticed Jessica
   482 | D:3      | Killed Jessica
   482 | D:3      | Reached skill level 5 in Earth Magic
   519 | D:3      | Reached XP level 4. HP: 20/24 MP: 4/8
   530 | D:3      | Learned a level 2 spell: Passwall
   547 | D:4      | Noticed Grinder
   584 | D:4      | Paralysed by Grinder for 6 turns
   591 | D:4      | Killed Grinder
   591 | D:4      | Reached skill level 6 in Earth Magic
   591 | D:4      | Reached XP level 5. HP: 16/28 MP: 0/10
   591 | D:4      | Reached XP level 6. HP: 18/32 MP: 0/11
   734 | D:3      | Found a glowing drain.
   741 | Sewer    | Entered a sewer
   747 | Sewer    | Reached skill level 7 in Earth Magic
  1268 | D:4      | Found a staircase to the Ecumenical Temple.
  1277 | D:4      | Noticed DEFE's ghost (amateur DEFi)
  1279 | Temple   | Entered the Ecumenical Temple
  1348 | Temple   | Became a worshipper of Sif Muna the Loreminder
  1414 | D:5      | Entered Level 5 of the Dungeon
  1414 | D:5      | Noticed a sky beast
  1420 | D:5      | Killed a sky beast
  1428 | D:5      | Gained mutation: Your mind is acute. (Int +2) [mutagenic meat]
  1431 | D:5      | Gained mutation: Your magical capacity is low. (-10% MP) [mutagenic meat]
  1434 | D:5      | Gained mutation: Your magical capacity is very low. (-20% MP) [mutagenic meat]
  1437 | D:5      | Gained mutation: You are occasionally teleported next to monsters. [mutagenic meat]
  1651 | D:5      | Noticed an ice beast
  1657 | D:5      | Killed an ice beast
  1657 | D:5      | Reached skill level 8 in Earth Magic
  1657 | D:5      | Reached XP level 7. HP: 36/36 MP: 5/10
  1667 | D:5      | Learned a level 5 spell: Lee's Rapid Deconstruction
  1843 | D:5      | Got a shimmering long sword
  1849 | D:5      | Identified the cursed +3 long sword "Icsy" {slice, rF++ MR+ MP+9 Str-2} (You found it on level 5 of the Dungeon)
  2040 | D:5      | Learned a level 4 spell: Petrify
  2141 | D:6      | Reached * piety under Sif Muna
  2408 | D:6      | Reached skill level 9 in Earth Magic
  2496 | D:7      | Reached skill level 5 in Spellcasting
  2496 | D:7      | Reached XP level 8. HP: 41/41 MP: 0/12
  2587 | D:7      | Lost mutation: You are occasionally teleported next to monsters. [potion of cure mutation]
  2587 | D:7      | Lost mutation: Your mind is acute. (Int +2) [potion of cure mutation]
  2587 | D:7      | Lost mutation: Your magical capacity is very low. (-20% MP) [potion of cure mutation]
  2587 | D:7      | Lost mutation: Your magical capacity is low. (-10% MP) [potion of cure mutation]
  2700 | D:7      | Reached skill level 10 in Earth Magic
  2750 | D:7      | Reached ** piety under Sif Muna
  3043 | D:8      | Reached skill level 11 in Earth Magic
  3185 | D:8      | Reached XP level 9. HP: 30/45 MP: 5/18
  3283 | D:8      | Reached skill level 1 in Short Blades
  3290 | D:8      | Gained mutation: You are partially covered in molten scales. (AC +2) [potion of mutation]
  3290 | D:8      | Gained mutation: Your flesh is cold resistant. (rC+) [potion of mutation]
  3290 | D:8      | Gained mutation: You expend magic power (3 MP) to strengthen your wands. [potion of mutation]
  3300 | D:8      | Gained mutation: Your body sometimes deteriorates upon taking damage. [potion of mutation]
  3300 | D:8      | Gained mutation: Your body often deteriorates upon taking damage. [potion of mutation]
  3300 | D:8      | Gained mutation: You occasionally shout uncontrollably at your foes. [potion of mutation]
  3597 | D:8      | Lost mutation: You occasionally shout uncontrollably at your foes. [potion of cure mutation]
  3597 | D:8      | Lost mutation: You expend magic power (3 MP) to strengthen your wands. [potion of cure mutation]
  3597 | D:8      | Lost mutation: Your body often deteriorates upon taking damage. [potion of cure mutation]
  3835 | D:9      | Found Omakojej's Assorted Antiques.
  3838 | D:9      | Bought a scroll labeled ORUASI POESIM for 28 gold pieces
  3838 | D:9      | Bought a lumpy white potion for 25 gold pieces
  3838 | D:9      | Bought a scroll labeled PIB HEUMIR for 28 gold pieces
  3901 | D:9      | Reached skill level 5 in Short Blades
  4283 | D:9      | Reached skill level 5 in Stealth
  4568 | D:9      | Reached *** piety under Sif Muna
  4568 | D:9      | Reached XP level 10. HP: 50/50 MP: 12/19
  4646 | D:9      | Reached skill level 12 in Earth Magic
  4788 | D:10     | Entered Level 10 of the Dungeon
  5207 | D:10     | Reached skill level 13 in Earth Magic
  5446 | D:10     | Reached **** piety under Sif Muna
  5712 | D:10     | Identified a scroll of acquirement
  6051 | D:11     | Found Xicuuden's Book Emporium.
  6160 | D:11     | Noticed a hill giant
  6165 | D:11     | Killed a hill giant
  6165 | D:11     | Reached skill level 14 in Earth Magic
  6363 | D:11     | Reached XP level 11. HP: 39/54 MP: 12/22
  6670 | D:11     | Noticed a cyan ugly thing
  6685 | D:11     | Killed a cyan ugly thing
  6826 | D:11     | Found a staircase to the Lair.
  7029 | Lair:1   | Entered Level 1 of the Lair of Beasts
  7128 | Lair:1   | Learned a level 1 spell: Summon Butterflies
  7222 | Lair:1   | Reached ***** piety under Sif Muna
  7222 | Lair:1   | Reached skill level 15 in Earth Magic
  7302 | Lair:1   | Received a gift from Sif Muna
  7383 | Lair:1   | Noticed Harold
  7565 | Lair:1   | Killed Harold
  7811 | Lair:2   | Noticed a six-headed hydra
  7853 | Lair:1   | Lost mutation: You are partially covered in molten scales. (AC +2) [potion of cure mutation]
  7853 | Lair:1   | Lost mutation: Your body sometimes deteriorates upon taking damage. [potion of cure mutation]
  7853 | Lair:1   | Lost mutation: Your flesh is cold resistant. (rC+) [potion of cure mutation]
  7905 | Lair:1   | Reached skill level 16 in Earth Magic
  8003 | Lair:2   | Killed a six-headed hydra
  8049 | Lair:2   | Found a hole to the Spider Nest.
  8073 | Lair:2   | Reached XP level 12. HP: 49/59 MP: 4/25
  8121 | Lair:2   | Reached skill level 10 in Spellcasting
  8265 | Lair:2   | Noticed a seven-headed hydra
  8403 | Lair:2   | Killed a seven-headed hydra
  8430 | Lair:2   | Gained mutation: Your muscles are strong. (Str +2) [potion of beneficial mutation]
  8620 | Spider:1 | Entered Level 1 of the Spider Nest
  8632 | Spider:1 | Identified Sif Muna's Compendium of Igneous Flight (Sif Muna gifted it to you on level 1 of the Spider Nest)
  8632 | Spider:1 | Received a gift from Sif Muna
  8760 | Spider:1 | HP: 1/59 [wolf spider (10)]
  8760 | Spider:1 | Slain by a wolf spider

Vault maps used:
D:1:      scummos_arrival_forest, serial_forest,
          infiniplex_forest_clump_diagonal, infiniplex_forest_zigzag_2,
          infiniplex_forest_straight_2, infiniplex_forest_lined_1,
          infiniplex_forest_clump_small, infiniplex_forest_zigzag_1
D:2:      first_bread, minmay_crystal_room, nemelex_xobeh_ov_fountains_minmay
D:3:      lightli_sewer_entry_pipes, uniq_iyjb, uniq_jessica
D:4:      uniq_natasha, uniq_pikel, uniq_grinder
D:8:      hangedman_pestilent_swarm
D:9:      serial_shops, kennysheep_mini
D:11:     lair_0_dummy, serial_shops, shop, serial_co_window_serial,
          co_window_of_opportunity_a, co_window_paths_b, co_window_paths_a,
          co_window_corner_a, co_window_paths_b, co_window_broadway_c,
          co_window_paths_c, co_window_broadway_b, co_window_of_opportunity_b,
          co_window_broadway_b, co_window_4corner_b, glass_columns_b,
          glass_columns_b, glass_columns_b, glass_columns_b
Temple:   regret_index_temple_sigil_plot
Lair:1:   st_stairs_7, fungi_pond_lemuel, uniq_erica, uniq_harold, uniq_nergalle
Lair:2:   spider_nest_entry_webs, hibernation_bobbens
Sewer:    sewer_fruit_machine

Skill      XL: |  1  2  3  4  5  6  7  8  9 10 11 12 |
---------------+-------------------------------------+-----
Earth Magic    | 4 5 6 8 9 11 14 16 | 16.5
Spellcasting   | 3 4 5 6 7 9 11 | 11.0
Short Blades   | 5 |  5.0
Stealth        | 5 |  5.3
Dodging        | |  1.5
Transmutations | |  0.7

Action                   |  1- 3 |  4- 6 |  7- 9 | 10-12 || total
-------------------------+-------+-------+-------+-------++-------
Melee: Long sword        |       |       |    52 |    13 ||    65
       Dagger            |       |       |    10 |    37 ||    47
       Staff             |       |       |       |    29 ||    29
 Cast: Sandblast         |    29 |    65 |     7 |       ||   101
       Stone Arrow       |       |     3 |   154 |   227 ||   384
       Lee's Rapid Decon |       |       |     6 |    18 ||    24
       Petrify           |       |       |     3 |    22 ||    25
Invok: Divine Energy     |       |       |     1 |       ||     1
  Use: Potion            |       |     4 |     9 |     5 ||    18
       Scroll            |       |     6 |     8 |     3 ||    17
 Stab: Petrified         |       |       |    10 |    32 ||    42
       Invisible         |       |       |     1 |       ||     1
  Eat: Chunk             |       |     6 |    19 |    15 ||    40
       Beef jerky        |       |       |     2 |       ||     2
       Bread ration      |       |       |       |     1 ||     1
Armor: Robe              |     3 |    16 |    34 |    76 ||   129
Dodge: Dodged            |     7 |    21 |    67 |   102 ||   197
